Unix NetHack Version 3.7.0-89 Work-in-progress - last build Nov 3 2023 05:48:50 (ea8ed35e81eded05176fbf39db35bf4bcaa3adb9,branch:master). Game began 2023-11-13 16:54:47, ended 2023-11-14 03:13:31. Anerag, chaotic male human Monk ------- |.....| |.----- |....0| | 2 | |----.| |}------ ------}|%....| -}}}}}}| 1 |}}}}}}|.----| ......}| 1 |}.....|*.*..| |.....1| |}.....|----%| |......+ #}.....|0..%.| |.....;| |}.....|.---<| |.%..@}| |}.....%.|+|*| |}}}}}}| |}}}}}}---.|.| |}------ ------}|...|.| |}| 2 |}|.|.|.| |}| ------------------------------------------------- |}|*|...| |}-------}}}}}}}}}}}}}}}}}}}}}}}}}}}}}}}}}}}}}}}}}}}}}}}-------}|.----- |}}}}}}}}}.............................................}}}}}}}}}|)...0 ---------------------------------------------------------------------- Anerag the Student of Stones St:18/07 Dx:18 Co:18 In:12 Wi:18 Ch:15 Chaotic Dlvl:29 $:0 HP:0(91) Pw:43(58) AC:-4 Xp:12 T:20073 Lev Latest messages: You hear the rattle of battle gear being readied. You hear the rattle of battle gear being readied. You hear the rattle of battle gear being readied. You hear the rattle of battle gear being readied. You hear the rattle of battle gear being readied. You hear the rattle of battle gear being readied. You hear the rattle of battle gear being readied. You hear the rattle of battle gear being readied. You hear the rattle of battle gear being readied. You hear the rattle of battle gear being readied. You hear the rattle of battle gear being readied. You hear the rattle of battle gear being readied. You hear the rattle of battle gear being readied. You hear the rattle of battle gear being readied. You hear the rattle of battle gear being readied. You hear the rattle of battle gear being readied. You hear the rattle of battle gear being readied. You hear the rattle of battle gear being readied. You hear the rattle of battle gear being readied. You hear the rattle of battle gear being readied. You hear the rattle of battle gear being readied. You hear the rattle of battle gear being readied. You hear the rattle of battle gear being readied. You hear the rattle of battle gear being readied. You hear the rattle of battle gear being readied. You hear the rattle of battle gear being readied. You hear the rattle of battle gear being readied. You hear the rattle of battle gear being readied. You hear the rattle of battle gear being readied. You hear the rattle of battle gear being readied. You hear the rattle of battle gear being readied. You hear a chugging sound. You hear a lieutenant reading a scroll of teleportation. You hear a captain incant VE FORBRYDERNE. You hear a sceptre pounded in judgment. You hear the tones of courtly conversation. You hit the yeti! You hit the yeti! You kill the yeti! Your danger sense causes you to take a second look close by. You find a giant eel. You hit the giant eel! The giant eel wakes up! You hit the giant eel! The giant eel misses! The giant eel swings itself around you! What do you want to take off? [acTU or ?*] U The giant eel bites! The giant eel drowns you... Do you want your possessions identified? [ynq] (y) q Inventory: Amulets S - an uncursed amulet of reflection (being worn) Weapons L - 9 blessed +0 darts (at the ready) Armor c - an uncursed very rusty +4 dwarvish iron helm (being worn) a - an uncursed very burnt +2 pair of leather gloves (being worn) U - an uncursed +0 pair of levitation boots (being doffed) f - a blessed +5 pair of speed boots T - an uncursed +1 robe (being worn) Rings g - an uncursed ring of free action (on left hand) d - an uncursed ring of searching (on right hand) Wands B - an uncursed wand of cancellation (0:1) n - an uncursed wand of digging (0:4) K - an uncursed wand of lightning (0:8) r - an uncursed wand of make invisible (0:2) Tools b - a blessed bag of holding containing 86 items p - an empty uncursed sack l - an uncursed oil lamp (lit) m - an uncursed skeleton key t - an uncursed towel x - a blessed +0 unicorn horn Gems/Stones G - a blessed luckstone Contents of the bag of holding: 8509 gold pieces an uncursed amulet of reflection 14 uncursed +0 darts 9 uncursed +0 shuriken a cursed +0 shield of reflection an uncursed +0 alchemy smock with text "Don't mess with the chef" an uncursed +0 mummy wrapping an uncursed +0 T-shirt with text "If you can read this, I can hit you with my polearm" 20 uncursed food rations 3 uncursed lembas wafers 2 uncursed lumps of royal jelly 3 uncursed sprigs of wolfsbane 2 uncursed lizard corpses an uncursed scroll of stinking cloud a blessed scroll of blank paper 15 uncursed scrolls of blank paper a cursed scroll of blank paper 3 uncursed scrolls of earth 5 uncursed scrolls of enchant weapon a cursed scroll of light 3 uncursed scrolls of scare monster 3 blessed scrolls of charging an uncursed scroll of charging an uncursed scroll of confuse monster 4 blessed scrolls of enchant armor 4 blessed scrolls of identify 9 uncursed scrolls of identify an uncursed scroll of magic mapping 6 uncursed scrolls of remove curse an uncursed scroll of taming 5 blessed scrolls of teleportation 5 uncursed scrolls of teleportation an uncursed spellbook of confuse monster an uncursed spellbook of cure sickness an uncursed spellbook of create monster an uncursed spellbook of force bolt a blessed spellbook of healing an uncursed spellbook of magic missile an uncursed spellbook of stone to flesh 30 potions of holy water an uncursed potion of water a potion of unholy water a blessed potion of booze a blessed potion of enlightenment an uncursed potion of enlightenment 3 uncursed potions of extra healing an uncursed potion of full healing a blessed potion of gain energy 2 uncursed potions of gain energy an uncursed potion of gain level an uncursed potion of invisibility 2 uncursed potions of levitation 3 uncursed potions of oil 2 uncursed potions of paralysis 2 blessed potions of restore ability an uncursed ring of sustain ability an uncursed ring of conflict an uncursed ring of polymorph an uncursed ring of regeneration an uncursed ring of teleport control an uncursed wand of cold (0:8) an uncursed wand of cold (0:5) an uncursed wand of polymorph (0:5) an uncursed wand of polymorph (0:4) an uncursed wand of secret door detection (0:10) an uncursed wand of speed monster (0:5) an uncursed wand of digging (0:5) an uncursed wand of digging (0:3) an uncursed wand of digging (0:7) an uncursed wand of fire (0:6) an uncursed wand of lightning (0:6) an uncursed wand of lightning (0:3) an uncursed wand of magic missile (0:1) an uncursed wand of magic missile (0:8) an uncursed wand of probing (0:3) an uncursed wand of striking (0:2) an uncursed wand of teleportation (0:4) an uncursed wand of teleportation (0:5) an uncursed tin whistle an uncursed magic marker (0:86) an uncursed magic marker (0:40) an uncursed diamond an uncursed jade stone 4 uncursed jasper stones a blessed luckstone an uncursed luckstone Anerag the Monk's attributes: Background: You were a Student of Stones, a level 12 male human Monk. You were chaotic, on a mission for Huan Ti who was opposed by Shan Lai Ching (lawful) and Chih Sung-tzu (neutral). You were in the Dungeons of Doom, on level 29. You entered the dungeon 20073 turns ago. It was nighttime. There was a new moon in effect when your adventure ended. You had 38389 experience points, 1611 more were needed to attain level 13. Basics: You had 0 out of 91 hit points. You had 43 out of 58 energy points (spell power). Your armor class was -4. Your wallet was empty, but you had 8509 zorkmids stashed away in your pack. Autopickup was on for '$' plus thrown. Final Characteristics: Your strength was 18/07 (limit:18/100). Your dexterity was 18 (limit:18). Your constitution was 18 (limit:18). Your intelligence was 12 (limit:18). Your wisdom was 18 (limit:18). Your charisma was 15 (limit:18). Final Status: You were levitating. You were held by a giant eel (northeast). You weren't hungry. You were unencumbered. You were empty handed. You had grand master skill with martial arts. Final Attributes: You were piously aligned. You were fire resistant. You were sleep resistant. You were poison resistant. You saw invisible. You were warned. You had automatic searching. You were stealthy. You had a small defense bonus (+4). You were guarded. You were fast. You had reflection. You had free action. You were lucky. You had extra luck. Good luck did not time out for you. You are dead. Miscellaneous: You disabled loading of bones levels. Total elapsed playing time was 5 hours, 10 minutes and 20 seconds. Major events: Turn 1: Anerag the chaotic male human Monk entered the dungeon 300: attained the rank of Novice (level 3) 1242: entered the Gnomish Mines 1588: attained the rank of Initiate (level 6) 1850: reached Mine Town 4841: entered Sokoban 4938: found Giantslayer on the floor 5344: completed 1st Sokoban level 5752: completed 2nd Sokoban level 6092: completed 3rd Sokoban level 7053: completed 4th Sokoban level 7211: acquired the Sokoban bag of holding 7288: attained the rank of Student of Stones (level 10) 8104: entered the Bigroom 12505: acquired the Mines' End luckstone 12941: was bestowed with Stormbringer by Huan Ti 18756: killed Medusa 20073: drowned in a moat by a giant eel, while disrobing Vanquished creatures: Medusa an iron golem a purple worm a gold dragon a minotaur a demilich a Nazgul a displacer beast 2 trappers a guardian naga 3 vampire leaders a lich a lurker above an ettin a lieutenant 3 ghosts a queen bee a winged gargoyle 6 giant mimics 4 long worms a fire giant 7 ice trolls a doppelganger 7 large mimics 2 wumpuses a fire vortex 6 stalkers a hill giant 3 giant mummies 2 black nagas 3 xorns 3 giant zombies an elf-noble a water demon a salamander 2 wargs a winter wolf 14 small mimics 3 warhorses 3 xans 4 ettin mummies a quantum mechanic a troll 2 wood golems 4 sharks 4 gelatinous cubes a pyrolisk a large dog 3 flaming spheres 2 shocking spheres 2 large cats 3 tigers 2 gargoyles 3 dwarf rulers 6 tengu 2 ochre jellies a leocrotta an energy vortex 2 stone giants an elf mummy 2 human mummies 2 pythons 2 pit vipers a cobra 8 wraiths a carnivorous ape 7 ettin zombies 2 leather golems 2 Grey-elves 2 soldiers an amorous demon 3 chameleons 2 crocodiles 7 giant beetles 4 quivering blobs 5 cockatrices 6 wolves 3 winter wolf cubs a panther 7 leprechauns 5 iron piercers a mumak 6 giant spiders 2 scorpions 2 horses 3 ice vortices 6 black lights a vampire bat 2 forest centaurs 5 gnome rulers 3 orc mummies 4 dwarf mummies 2 rust monsters 4 owlbears 6 yetis a gold golem 2 giant eels 7 lizards 5 dogs a housecat 3 jaguars 2 dwarf leaders 2 blue jellies a white unicorn 4 dust vortices 32 ravens 6 plains centaurs a gnome mummy 5 snakes 3 apes 4 human zombies 3 rope golems 2 Woodland-elves 31 soldier ants a fire ant 6 bugbears 2 wood nymphs 3 water nymphs 2 mountain nymphs 20 Mordor orcs 9 Uruk-hai 7 rock piercers 2 rock moles 2 ponies 4 fog clouds 3 yellow lights a shrieker 3 violet fungi 18 gnome leaders 3 gnomish wizards 2 gray oozes 2 barrow wights 3 elf zombies 3 ghouls 3 straw golems a paper golem 6 giant ants 2 little dogs 7 floating eyes 3 kittens 22 dwarves 2 kobold shamans 19 hill orcs 16 rothes 2 rabid rats a centipede a giant bat a monkey 8 orc zombies 4 dwarf zombies a wererat 3 werejackals 4 iguanas 31 killer bees 3 acid blobs 7 coyotes 4 gas spores 4 hobbits a manes a large kobold 5 hobgoblins 8 giant rats a cave spider 5 yellow molds 71 gnomes 3 garter snakes 2 gnome zombies 11 geckos 9 jackals 3 goblins 5 sewer rats 5 grid bugs a bat 3 lichens 4 kobold zombies 7 newts 773 creatures vanquished. No species were genocided or became extinct. Voluntary challenges: You were vegetarian. You never hit with a wielded weapon. You read items or engraved 49 times. You never engraved Elbereth. You never genocided any monsters. You never polymorphed an object. You never changed form. You used no wishes. You did not violate any of the special Sokoban rules. Achievements: You entered a shop. You attained the rank of Novice. You entered the Gnomish Mines. You attained the rank of Initiate. You entered Minetown. You entered a temple. You entered Sokoban. You completed Sokoban. You attained the rank of Student of Stones. You entered the Big Room. You completed the Gnomish Mines. You defeated Medusa. The Dungeons of Doom: levels 1 to 29 Level 1: Level 2: An armor shop, a fountain. Level 3: Level 4: Some fountains. Stairs down to The Gnomish Mines. Level 5: A grave. Level 6: Many fountains. Oracle of Delphi. Level 7: Stairs up to Sokoban, level 6. Level 8: A general store. Level 9: A fountain. Level 10: A very big room. Level 11: Level 12: A fountain. Summoned by the Grand Master. Portal to The Quest. Level 13: A general store, a fountain. Level 14: Level 15: A primitive area. Level 16: A fountain. Level 17: Level 18: A scroll shop. Level 19: "bag" An altar to Huan Ti. Level 20: A fountain. Level 21: A throne, a sink, a grave. Level 22: "genetic engineer" A potion shop, a fountain. Level 23: A grave. Level 24: Level 25: "gold naga" A fountain. Level 26: A fountain, many graves. Level 27: A fountain, many trees. Level 28: Level 29: <- You were here. The castle. Final resting place for you, drowned in a moat by a giant eel, while disrobing. The Gnomish Mines: levels 5 to 13 Level 5: Level 6: Level 7: Level 8: "stash" Many shops, a temple and an altar to Huan Ti, some fountains, some trees. Level 9: Level 10: Level 11: Level 12: Level 13: The Quest: Level 1: Many trees. Home. Sokoban: levels 6 up to 3 Level 3: Solved. Level 4: Solved. Level 5: Solved. Level 6: "stash" Solved. Game over: ---------- / \ / REST \ / IN \ / PEACE \ / \ | Anerag | | 8509 Au | | drowned in a | | moat by a giant | | eel | | | | 2023 | *| * * * | * _________)/\\_//(\/(/\)/\//\/|_)_______ Goodbye Anerag the Monk... You drowned in The Dungeons of Doom on dungeon level 29 with 181547 points, and 8509 pieces of gold, after 20073 moves. You were level 12 with a maximum of 91 hit points when you drowned.